 Dungeon Crawl Stone Soup version 0.31-a0-354-g827e0957a7 (webtiles) character file.

Game seed: 9650798591464054092

2212 promet the Covert (level 9, -1/47 HPs)
             Began as a Spriggan Brigand on July 23, 2023.
             Was an Initiate of Dithmenos.
             Engulfed by a steam dragon's steam (3 damage)
             ... on level 7 of the Dungeon.
             The game lasted 00:50:58 (10735 turns).

promet the Covert (Spriggan Brigand)               Turns: 10735, Time: 00:50:58

Health: -1/47      AC:  4    Str:  7    XL:     9   Next: 13%
Magic:  10/10      EV: 34    Int: 17    God:    Dithmenos [......]
Gold:   343        SH:  0    Dex: 22    Spells: 8/8 levels left

rFire   . . .        a - +0 rapier (vamp)
rCold   . . .        (no shield)
rNeg    + . .        A - +1 robe {Will+}
rPois   .            (helmet restricted)
rElec   .            c - +0 cloak
rCorr   .            (gloves unavailable)
SInv    +            (boots unavailable)
Will    ++...        g - amulet of the acrobat
Stlth   ++++         f - +6 ring of dexterity
HPRegen 0.27/turn    p - ring of positive energy
MPRegen 0.12/turn

%: acrobat
@: about to teleport, acrobatic, very quick
A: very small, no large weapons, unfitting armour, see invisible, speed 3
a: Renounce Religion


You were on level 7 of the Dungeon.
You worshipped Dithmenos.
Dithmenos was noncommittal.
You visited 2 branches of the dungeon, and saw 8 of its levels.

You collected 343 gold pieces.

Inventory:

Hand Weapons
 a - a +0 vampiric rapier (weapon)
 b - a +0 orcbow
 m - a +0 dagger of draining
 o - a +2 dagger
 q - a +0 dagger of venom
 w - a +0 trident of protection
 x - a +0 war axe
Missiles
 d - 13 poisoned darts (quivered)
 e - 2 curare-tipped darts
 l - 92 stones
 n - 5 boomerangs
Armour
 c - a +0 cloak (worn)
 A - a +1 robe of willpower (worn)
Jewellery
 f - a +6 ring of dexterity (left hand)
 g - an amulet of the acrobat (around neck)
 p - a ring of positive energy (right hand)
 y - a ring of protection from cold
Wands
 s - a wand of flame (14)
Scrolls
 h - a scroll of teleportation
 j - a scroll of amnesia
 k - a scroll of identify
 t - a scroll of revelation
 v - 2 scrolls of poison
Potions
 i - a potion of mutation
 r - a potion of enlightenment {unknown}
 u - 3 potions of lignification {unknown}
 z - a potion of brilliance


   Skills:
 * Level 5.1 Fighting
 + Level 5.9 Short Blades
 + Level 7.3 Ranged Weapons
 + Level 3.4 Throwing
 + Level 3.5 Dodging
 + Level 8.7 Stealth


You had 8 spell levels left.
You didn't know any spells.
Your spell library contained the following spells:

 Spells                   Type           Power      Damage    Failure   Level
 Lesser Beckoning         Tloc           0%         N/A       34%         2
 Gell's Gravitas          Tloc           0%         N/A       56%         3
 Teleport Other           Tloc           0%         N/A       56%         3


Dungeon Overview and Level Annotations

Branches:
Dungeon (7/15)             Temple (1/1) D:5

Altars:
Ashenzari
Cheibriados
Dithmenos
Elyvilon
Fedhas
Gozag
Hepliaklqana
Kikubaaqudgha
Nemelex Xobeh
Okawaru
Ru
Trog
Uskayaw
Vehumet
Wu Jian
Xom
Zin
The Shining One

Annotations:
D:2 Robin


Innate Abilities, Weirdness & Mutations

You are very small and have problems with some larger weapons.
You are too small for most types of armour.
You have supernaturally acute eyesight. (SInv)
You cover ground extremely quickly. (Speed+++)


Message History

The steam dragon is heavily wounded.
The steam dragon bites you but does no damage.
The steam dragon barely misses you.
You puncture the steam dragon!
You punch the steam dragon, but do no damage.
The steam dragon is severely wounded.
The steam dragon bites you! The steam dragon misses you.
You hit the steam dragon.
The steam dragon is severely wounded.
The steam dragon breathes steam at you. The ball of steam hits you!
You hear a shout! x2
You hit the steam dragon but do no damage.
The steam dragon is severely wounded.
You are engulfed in a cloud of scalding steam.
The steam dragon misses you. The steam dragon closely misses you.
You barely miss the steam dragon.
The steam dragon is severely wounded.
You are engulfed in a cloud of scalding steam.
The steam dragon misses you. x2
You barely miss the steam dragon.
The steam dragon is severely wounded.
You are engulfed in a cloud of scalding steam.
* * * LOW HITPOINT WARNING * * *
The steam dragon completely misses you. x2
You hit the steam dragon but do no damage.
The steam dragon is severely wounded.
You are engulfed in a cloud of scalding steam.
* * * LOW HITPOINT WARNING * * *
The steam dragon barely misses you.
The steam dragon claws you but does no damage.
Okay, then.
As you read the scroll of teleportation, it crumbles to dust.
You feel strangely unstable.
A kobold comes into view. It is wielding a +0 short sword.
The steam dragon breathes steam at you. The ball of steam misses you.
You hear a shout!
You are engulfed in a cloud of scalding steam.
You die...

##..#......#
##...#......#
+...#########
###.# #.#
#.#############.#
#...........D...#
######....§§#####
#....@§# ##...§##
#....§.#
≈~....§...≈
≈≈#...§..#~~
.###....###.
..... ~~ K.....
~.


You could see a steam dragon (catching breath) and a kobold.

Vanquished Creatures
  Pikel (D:6)
  A troll (D:6)
  Sigmund (D:6)
  3 ice beasts
  A centaur (D:6)
  An ogre (D:5)
  2 lemures (D:6)
  3 scorpions
  A howler monkey (D:5)
  2 crimson imps (D:6)
  3 orc priests
  2 hounds (D:6)
  2 jellies
  2 sleepcaps
  2 orc wizards
  3 iguanas
  3 gnolls (D:7)
  3 adders
  2 white imps
  An ufetubus (D:3)
  4 worms
  4 dart slugs
  32 orcs
  5 ball pythons
  9 endoplasms
  6 giant cockroaches
  15 goblins
  7 hobgoblins
  3 kobolds
  A quokka (D:1)
  5 bats
  4 frilled lizards
  8 rats
142 creatures vanquished.

Notes
Turn   | Place    | Note
-------+----------+-------------------------------------------
     0 | D:1      | promet the Spriggan Brigand began the quest for the Orb.
     0 | D:1      | Reached XP level 1. HP: 10/10 MP: 2/2
    74 | D:1      | Reached skill level 6 in Stealth
   408 | D:1      | Reached XP level 2. HP: 15/15 MP: 3/3
  1271 | D:2      | Reached XP level 3. HP: 17/18 MP: 4/4
  1281 | D:2      | Noticed Robin
  2161 | D:3      | Reached skill level 7 in Stealth
  2170 | D:3      | Reached XP level 4. HP: 23/23 MP: 5/5
  2268 | D:3      | Found a snail-covered altar of Cheibriados.
  2510 | D:3      | Reached XP level 5. HP: 25/26 MP: 6/6
  2582 | D:3      | Reached skill level 8 in Stealth
  2810 | D:4      | Found a blossoming altar of Fedhas.
  2904 | D:4      | Reached skill level 1 in Ranged Weapons
  3392 | D:4      | Reached XP level 6. HP: 30/30 MP: 7/7
  3813 | D:4      | Found a sparkling altar of Nemelex Xobeh.
  4025 | D:5      | Entered Level 5 of the Dungeon
  4680 | D:5      | Noticed an ice beast
  4877 | D:5      | Found a bloodstained altar of Trog.
  5129 | D:5      | Reached XP level 7. HP: 35/35 MP: 8/8
  5165 | D:5      | Found a staircase to the Ecumenical Temple.
  5340 | D:5      | Found a white marble altar of Elyvilon.
  6880 | D:5      | Reached skill level 5 in Short Blades
  7086 | D:6      | Noticed a troll
  7100 | D:6      | Killed a troll
  7101 | D:6      | Reached skill level 5 in Ranged Weapons
  7101 | D:6      | Reached XP level 8. HP: 42/42 MP: 9/9
  7561 | D:6      | Noticed Sigmund
  7581 | D:6      | Killed Sigmund
  7736 | D:6      | Upgraded the game from 0.31-a0-345-g1ebeae05c6 to
                  | 0.31-a0-354-g827e0957a7
  8816 | D:6      | Found a shimmering altar of Xom.
  8829 | D:6      | Found a glowing silver altar of Zin.
  9503 | D:6      | Noticed Pikel
  9858 | D:6      | Killed Pikel
  9859 | D:6      | Reached XP level 9. HP: 35/46 MP: 10/10
 10055 | Temple   | Entered the Ecumenical Temple
 10068 | Temple   | Became a worshipper of Dithmenos the Shadowed
 10355 | D:6      | Reached skill level 5 in Fighting
 10731 | D:7      | HP: 1/47 [steam dragon] (9)]
 10735 | D:7      | Engulfed by a steam dragon's steam

Illustrated notes

Levels and vault maps discovered:
D:1:      moated_graveyard_arrival, layout_rooms, chequers_big_river,
          minmay_unequal
D:2:      layout_loops_ring, uniq_robin
D:3:      layout_rooms, general_overflow_altar, minmay_misc_feat_more_columns,
          minmay_quantized
D:4:      layout_cave_pools, mainiacjoe_overflow_alcove_2, lemuel_crystal_altar
D:5:      layout_gridville, trog_hazing_becter, kennysheep_little_box,
          minmay_temple_entry_offerings, nicolae_titane
D:6:      layout_gridville, kennysheep_mini, led_xom_imps, serial_bayou_pond_c,
          uniq_pikel, uniq_sigmund
D:7:      wad_lake_hut, layout_basic, lemuel_tele_altar, serial_shops,
          nicolae_shop_tiny_real_fake_doors
Temple:   nicolae_temple_ecumenical_triangle

Skill      XL: |  1  2  3  4  5  6  7  8  9 |
---------------+----------------------------+-----
Stealth        | 6 7 8 |  8.7
Short Blades   | 3 4 5 |  5.9
Fighting       | 2 3 4 5 |  5.1
Dodging        | 2 3 |  3.5
Ranged Weapons | 2 3 5 7 |  7.3
Throwing       | 3 |  3.4

Action                     |  1- 3 |  4- 6 |  7- 9 || total
---------------------------+-------+-------+-------++-------
  Melee: Dagger            |    81 |       |       ||    81
         Punch             |     1 |       |     2 ||     3
         Rapier            |    27 |    98 |   108 ||   233
   Fire: Sling             |       |    92 |    64 ||   156
         Orcbow            |       |       |    81 ||    81
  Throw: Dart              |       |    11 |    21 ||    32
    Use: Potion            |     2 |       |     1 ||     3
         Scroll            |     9 |     2 |     2 ||    13
   Stab: Sleeping          |    17 |     8 |     2 ||    27
         Distracted        |     1 |       |     1 ||     2
 Armour: Robe              |    21 |     8 |    12 ||    41
  Dodge: Dodged            |    54 |    76 |    94 ||   224

Table legend: (Time is in decaauts)
 A = Elapsed time spent in this place.
 B = Non-inter-level travel time spent in this place.
 C = Inter-level travel time spent in this place.
 D = Time resting spent in this place.
 E = Time spent auto-exploring this place.
 F = Levels seen in this place.
 G = Mean time per level.
                   A        B        C        D        E       F      G
               +--------+--------+--------+--------+--------+-----+--------+
         Total |   8425 |   8246 |    179 |   3750 |   1110 |   8 | 1053.1 |
       Dungeon |   8406 |   8228 |    178 |   3750 |   1110 |   7 | 1200.9 |
        Temple |     18 |     18 |      0 |      0 |      0 |   1 |   18.0 |
               +--------+--------+--------+--------+--------+-----+--------+

Top non-repeatable levels by time:
     D:6: 2519 daAuts
     D:5: 2183 daAuts
     D:4: 1389 daAuts
     D:1: 886 daAuts
     D:2: 702 daAuts
     D:3: 506 daAuts
     D:7: 218 daAuts
  Temple: 18 daAuts
